Cogmind - Beta 17 @@@ ROGUE MODE // 2026.07.12 @ 03:17:23 Player: Smol John Result: Destroyed by as-03336 with Assembled Heavy Rifle Performance ------------- Evolutions (0) 0 Regions Visited (2) 400 Robots Destroyed (22) 110 Value Destroyed (491) 491 Prototype IDs (0) 0 Alien Tech Used (0) 0 Bonus (0) 0 TOTAL SCORE: 1001 Bonus ------- None Cogmind --------- Core Integrity 0/250 Matter 197/300 Energy 125/125 System Corruption 6% Temperature Cool (0) Movement Core (100) Ox1 Location -10/Mines Parts ------- > --- POWER (1) -------- Light Ion Engine > --- PROPULSION (2) --- (None) > --- UTILITY (2) ------ (None) > --- WEAPON (2) ------- Light Assault Rifle > --- INVENTORY (5) ---- Light Treads Assault Rifle Peak State ------------ > --- POWER ------------ Ion Engine > --- PROPULSION ------- Aluminum Leg Aluminum Leg > --- UTILITY ---------- Heat Sink Small Storage Unit > --- WEAPON ----------- Light Assault Rifle Grenade Launcher > --- INVENTORY -------- Light Ion Engine Light Treads Aluminum Leg Compact Wheel Assault Rifle Light Assault Rifle Grenade Launcher [Rating: 7] Favorites ----------- Power Ion Engine Engine Ion Engine Propulsion Aluminum Leg Leg Aluminum Leg Wheel Compact Wheel Utility Small Storage Unit Device Heat Sink Storage Small Storage Unit Weapon Light Assault Rifle Ballistic Gun Light Assault Rifle Launcher Grenade Launcher Build | -11 -10 -10 ------- Run | Yrd Mat Min Slots Evolved . | . . . Power . | . . . Propulsion . | . . . Utility . | . . . Weapon . | . . . Parts Attached 14 | 6 4 4 Power 2 | 1 . 1 Engine 2 | 1 . 1 Core . | . . . Reactor . | . . . Propulsion 5 | 2 2 1 Treads . | . . . Leg 4 | 2 2 . Wheel 1 | . . 1 Hover . | . . . Flight . | . . . Utility 2 | 1 . 1 Device 1 | . . 1 Storage 1 | 1 . . Processor . | . . . Hackware . | . . . Protection . | . . . Artifact . | . . . Weapon 5 | 2 2 1 Energy Gun . | . . . Energy Cannon . | . . . Ballistic Gun 3 | 2 1 . Ballistic Cannon . | . . . Launcher 2 | . 1 1 Special Weapon . | . . . Impact Weapon . | . . . Slashing Weapon . | . . . Piercing Weapon . | . . . Special Melee Weapon . | . . . Unidentified Prototypes . | . . . Parts Lost 9 | . . 9 Power 1 | . . 1 Propulsion 3 | . . 3 Utility 2 | . . 2 Weapon 3 | . . 3 Highest Loss Streak 9 | . . 9 To Critical Strikes . | . . . Average Backups 7 | 3 7 7 Power . | . 1 . Propulsion 3 | 2 4 3 Utility . | . . . Weapon 1 | . 1 2 Tool/Special . | . . . Unused Backups 4 | . 1 3 Power . | . . . Propulsion 4 | . 1 3 Utility . | . . . Weapon . | . . . Tool/Special . | . . . Average Slot Usage (%) 86 | . 85 88 Engine 13 | . 14 13 Leg 27 | . 28 25 Device 3 | . . 8 Storage 13 | . 14 12 Ballistic Gun 17 | . 19 12 Launcher 10 | . 8 12 Peak Build Rating 7 | 6 6 7 Average Rating 5 | 4 6 6 On Entrance 4 | . 6 6 Avg Prop Armor Cover (%) 27 | . . 27 Naked Turns . | . . . Heaviest Build 15 | 13 14 15 Greatest Support 20 | 20 20 20 Greatest Overweight (x) 3 | 3 . 1 Average Overweight (x) . | . . . Largest Inventory Capacity 8 | 8 8 8 Average Capacity 7 | 7 8 7 Most Carried 8 | 6 8 8 Average Carried 7 | 4 7 7 Final Capacity 8 | 8 8 5 Final Carried 8 | 6 8 2 Class Distribution -------------------- 100% | Mutant Dominant Class ---------------- Mutant | -10/Materials Mutant | -10/Mines Resources | -11 -10 -10 ----------- Run | Yrd Mat Min Matter Collected 461 | 203 246 12 Remotely . | . . . Salvage Created 485 | . 461 24 Parts 37 | . 34 3 Haulers Intercepted . | . . . Recyclers Shooed . | . . . Parts Field Recycled . | . . . Retrieved Matter . | . . . Parts Self-Destructed . | . . . Prevented . | . . . Parts Restored . | . . . Kills | -11 -10 -10 ------- Run | Yrd Mat Min Combat Hostiles Destroyed 23 | . 14 9 Guns 6 | . 5 1 AOE 17 | . 9 8 Classes Destroyed 7 | . 6 1 Worker 1 | . 1 . Builder 3 | . 3 . Recycler 1 | . 1 . Watcher 2 | . 2 . Swarmer 4 | . 3 1 Grunt 11 | . 11 . Assembled 8 | . . 8 Best Kill Streak 8 | . 7 8 Combat Bots Only 8 | . 4 8 Max Kills in Single Turn 3 | . 3 3 Gunslinging . | . . . Exploded 3 | . 3 3 Melee . | . . . Uniques/NPCs Destroyed . | . . . Combat | -11 -10 -10 -------- Run | Yrd Mat Min Hostile Shots Fired 73 | . 33 40 Missed 22 | . 12 10 Hits 51 | . 21 30 Melee 2 | . . 2 Projectile 49 | . 21 28 AOE 8 | . . 8 Damage Taken 1102 | . 293 809 Core 256 | . 81 175 Absorbed by Shields . | . . . Core Remaining (%) 100 | 100 . . Volleys Fired 42 | . 28 14 Largest 2 | . 2 2 Hottest 50 | . 50 50 Shots Fired 57 | . 40 17 Gun 40 | . 31 9 Cannon . | . . . Launcher 17 | . 9 8 Special . | . . . Kinetic 40 | . 31 9 Thermal . | . . . Explosive 17 | . 9 8 Electromagnetic . | . . . Robot Hit Streak 13 | . 13 3 Robot Miss Streak 3 | . 3 2 Penetration Max . | . . . Secondary Targets . | . . . Shots Hit Robots 38 | . 28 10 Core Hits 52 | . 34 18 Critical Kills . | . . . Critical Parts Destroyed . | . . . Critical Strikes . | . . . Melee Attacks . | . . . Impact . | . . . Slashing . | . . . Piercing . | . . . Sneak Attacks . | . . . Combat Hostiles . | . . . Follow-up Attacks . | . . . Damage Inflicted 1875 | . 1213 662 Guns 250 | . 213 37 Cannons . | . . . Explosions 1623 | . 998 625 Melee . | . . . Ramming 2 | . 2 . Kinetic 250 | . 213 37 Thermal . | . . . Explosive 1623 | . 998 625 Electromagnetic . | . . . Impact . | . . . Slashing . | . . . Piercing . | . . . Highest Corruption 6 | . . 6 Average Corruption 6 | . . 6 Corruption Purged . | . . . Corruption Blocked . | . . . Overload Shots . | . . . Overflow Damage 47 | . 22 25 Projectiles . | . . . Explosions 47 | . 22 25 Melee . | . . . Knockbacks . | . . . Impact . | . . . Kinetic . | . . . Secondary . | . . . Self-Inflicted Damage 86 | . 27 59 Shots 5 | . 2 3 Rammed . | . . . Targets Rammed 2 | . 2 . Kicked 2 | . 2 . Crushed . | . . . Highest Temperature 38 | . 38 . Average Temperature 12 | . 12 . Received Heat Transfer 120 | . 120 . Siege Activations . | . . . Martial Activations . | . . . Shielding Activations . | . . . Robots Disrupted . | . . . Combat Hostiles . | . . . Robots Corrupted . | . . . Combat Hostiles . | . . . Parts Fried . | . . . Impact Corruptions . | . . . Robots Melted . | . . . Combat Hostiles . | . . . Parts Melted . | . . . Heat Transferred . | . . . Parts Sabotaged . | . . . Parts Stolen . | . . . Parts Stripped . | . . . Power Chain Reactions . | . . . Alert | -11 -10 -10 ------- Run | Yrd Mat Min Maximum Alert Level 1 | . 1 . Low Security (%) 64 | 100 36 100 Level 1 35 | . 63 . Level 2 . | . . . Level 3 . | . . . Level 4 . | . . . Level 5 . | . . . High Security . | . . . Max Security . | . . . Peak Influence 312 | . 312 100 Initial 100 | . . 100 Average 120 | . 181 56 Influence Increases 506 | . 439 67 Destroy 0b10 Robot/C 300 | . 280 20 Destroy 0b10 Robot/NC 35 | . 35 . Destroy Leader 54 | . 54 . Disable Machine 15 | . 15 . Destroy Structure 87 | . 55 32 Lose Combat Pursuer 15 | . . 15 Influence Decreases 504 | . 181 323 Entered New Map 158 | . . 158 Time Decay 291 | . 181 110 Lost Part 55 | . . 55 Squads Dispatched 3 | . 3 . Investigation 1 | . 1 . Extermination . | . . . Reinforcement 2 | . 2 . Assault . | . . . Garrison . | . . . Intercept . | . . . Searches Triggered . | . . . Construction Impeded . | . . . Haulers Reinforced . | . . . Active Scanning Responses . | . . . Cargo Convoy Interrupts . | . . . Stealth | -11 -10 -10 --------- Run | Yrd Mat Min Distress Signals 1 | . 1 . Communications Jammed . | . . . Distress Signals . | . . . Times Spotted 41 | . 17 24 Peak Tracking Total 12 | . 4 12 Tactical Retreats 1 | . . 1 Traps | -11 -10 -10 ------- Run | Yrd Mat Min Traps Triggered 1 | . 1 . Indirectly . | . . . Trap Hack Attempts . | . . . Triggered . | . . . Disarmed . | . . . Reprogrammed . | . . . Reused . | . . . Traps Extracted . | . . . Installed . | . . . Triggered . | . . . Machines | -11 -10 -10 ---------- Run | Yrd Mat Min Machines Disabled 1 | . 1 . Max in Single Turn 1 | . 1 . Machines Repaired . | . . . Machines Dismantled . | . . . Machines Sabotaged . | . . . Overloaded Fab Kills . | . . . Hacking | -11 -10 -10 --------- Run | Yrd Mat Min Machines Accessed 6 | . 5 1 Terminals 5 | . 4 1 Fabricators . | . . . Repair Stations . | . . . Recycling Units 1 | . 1 . Scanalyzers . | . . . Garrison Access . | . . . Total Hacks 15 | . 14 1 Successful . | . . . Failed 15 | . 14 1 Catastrophic 3 | . 2 1 Database Lockouts . | . . . Manual 10 | . 9 1 Terminals 13 | . 12 1 Fabricators . | . . . Repair Stations . | . . . Recycling Units 2 | . 2 . Scanalyzers . | . . . Garrison Access . | . . . Terminal Hacks . | . . . Fabricator Hacks . | . . . Repair Station Hacks . | . . . Recycling Unit Hacks . | . . . Scanalyzer . | . . . Garrison Access Hacks . | . . . Unauthorized Hacks . | . . . Terminals . | . . . Fabricators . | . . . Repair Stations . | . . . Recycling Units . | . . . Scanalyzers . | . . . Garrison Access . | . . . Data Cores Recovered . | . . . Used . | . . . Hacking Detections 6 | . 5 1 Full Trace Events 2 | . 2 . Feedback Events . | . . . Feedback Blocked . | . . . Robot Schematics Acquired . | . . . Robots Built . | . . . Authchips . | . . . Time . | . . . Total Robot Build Rating . | . . . Part Schematics Acquired . | . . . Parts Built . | . . . Authchips . | . . . Time . | . . . Total Part Build Rating . | . . . Part Studies Acquired . | . . . Parts Repaired . | . . . Time . | . . . Parts Recycled . | . . . Recycled Matter . | . . . Retrieved Matter . | . . . Retrieved Components . | . . . Parts Scanalyzed . | . . . Part Schematics Acquired . | . . . Parts Damaged . | . . . Bothacking | -11 -10 -10 ------------ Run | Yrd Mat Min Used RIF Installer . | . . . Robots Hacked . | . . . Non-combat . | . . . Combat . | . . . Robot Hacks Applied . | . . . Relay Couplers Released . | . . . Fabnet Peak Effective % . | . . . Robots Rewired . | . . . Allies Hacked . | . . . Hacks Repelled . | . . . Allies | -11 -10 -10 -------- Run | Yrd Mat Min Total Allies . | . . . Largest Group . | . . . Highest-Rated Group . | . . . Highest-Rated Ally . | . . . Total Orders . | . . . Ally Attacks . | . . . Total Damage . | . . . Kills . | . . . Allies Corrupted . | . . . Allies Melted . | . . . Intel | -11 -10 -10 ------- Run | Yrd Mat Min Active Infowar (turns) . | . . . Robot Analysis Total . | . . . Derelict Logs Recovered 1 | . . 1 Drone Launches . | . . . Drone Recoveries . | . . . Exploration | -11 -10 -10 ------------- Run | Yrd Mat Min Turns Passed 791 | 85 447 259 Spaces Moved 547 | 56 305 186 Core 21 | 11 . 10 Treads . | . . . Legs 523 | 45 305 173 Wheels 3 | . . 3 Hover . | . . . Flight . | . . . Fastest Speed 50 | 50 120 50 Average Speed 119 | 125 120 116 Slowest Speed 200 | 200 120 120 Overloaded Moves . | . . . Propulsion Burnouts . | . . . Robots Hopped . | . . . Potential Cave-ins . | . . . Cave-ins Triggered 1 | . . 1 Exploration Rate (%) 33 | 4 54 41 Regions Visited 2 Branch Regions 1 Pre-discovered Areas 1 | . . 1 Known Exits Taken . | . . . Unknown Exits Taken 2 | 1 1 . Scrap Searched . | . . . Spaces Dug . | . . . Terrain Destroyed 102 | . 62 40 Melee . | . . . Projectile . | . . . AOE 102 | . 62 40 Terrain Rammed . | . . . Walls Destroyed . | . . . Machines Disabled . | . . . Actions | -11 -10 -10 --------- Run | Yrd Mat Min Total 630 | 67 348 215 Wait 8 | . 1 7 Move 545 | 55 304 186 Hop . | . . . Pick Up 11 | 6 3 2 Fast Attach 6 | 6 . . Attach 5 | . . 5 Detach . | . . . Swap 7 | . 7 . Drop 4 | . 3 1 Fire 42 | . 28 14 Melee . | . . . Ram . | . . . Kick 2 | . 2 . Crush . | . . . Escape Stasis . | . . . Rewire . | . . . Trap . | . . . Miscellaneous . | . . . Route ------- -11/Scrapyard -10/Materials (discovered 2 exits: [*Mat] / *Min) -10/Mines (discovered 1 exit: [*Mat]) History --------- Turn | Location | Event 18 | -11/Scrapyard | Discovered new exit (range 15) 86 | -11/Scrapyard | Entered Materials 307 | -10/Materials | Build established: Mutant 469 | -10/Materials | Discovered new exit (range 6) 511 | -10/Materials | Discovered new exit (range 9) 533 | -10/Materials | Entered Mines 567 | -10/Mines | Discovered new exit (range 5) 585 | -10/Mines | YI-UF0 nonchalantly dropped a Grenade Launcher on the ground 713 | -10/Mines | Learned location of Storage (-8) 723 | -10/Mines | Assembled infested the area 728 | -10/Mines | Assisted by a Guerilla fighting off Assembled 759 | -10/Mines | Core integrity fell below 50% 767 | -10/Mines | Crushed by falling debris 789 | -10/Mines | Core integrity fell below 20% 792 | -10/Mines | Destroyed by as-03336 with Assembled Heavy Rifle Last Messages --------------- 00767_ Sml. Storage Unit destroyed. 00767_ System corrupted by crushing effect (+3). 00767_ Heat Sink destroyed. 00767_ System corrupted by crushing effect (+3). 00767_ Lgt. Treads crushed. 00768_ R-06 Scavenger collects Aluminum Leg. 00768_ as-53397 destroyed. 00768_ Com. Wheel destroyed. 00768_ R-06 Scavenger destroyed. 00768_ D-53 Grenadier destroyed. 00770_ as-49998 destroyed. 00780_ Aluminum Leg destroyed. 00781_ The unstable cave ceiling collapses. 00781_ as-37909 destroyed. 00783_ Destroyed Asb. Hover Unit. 00783_ as-12670 destroyed. 00785_ as-47944 destroyed. 00785_ as-97455 destroyed. 00785_ as-20586 destroyed. 00788_ Grenade Launcher destroyed. Map ----- +----------------------------------------------------+ | ?????????## #?# ##???????????????? | | ????????## #?## ##??????????????? | | ????????# ##??# #??????????????? | | ????????# #???## #???????????? | | ????????# #????### #?????????? | | ????????## #??????# #### #????????? | | ?????????### ######## #??## #????????? | | ???????????# #???# #????????? | | ??????????## ##########???# #????????? | | ?????????# #????????????# ##????????? | | "%###### ###????????????## ##?????????? | | " #???????????????## ##??????????? | | ###### #?????????????????# #???????????? | | ?????????# #?????????????????? #???????????? | | ??????????# #?????????????????? # ?????????????? | | ??????????# ###????????????????? #???????????????? | | ??????????# ## #####?????????????????????????????? | | ??????????# # ##########????????????????????? | | ??????????### ?????????????????????? | | ???????????# = ????????????????????????? | | ???????????# # %! #???????????????????????????? | | ???????????# # = # #???????????????????????????? | | ???????????# ######?????????????????????? | | ???????????# ##????????????????????? | | ???????????## a #????????????????????? | | ???????????# a $a@ #????????????????????? | | ???????????## a ###????????????????????? | | ????????????# ##??????????????????????? | | ????????#""a #???????????????????????? | | ????????# ## # ????????????????????????? | | ???????# ???# # |# ###????????????????????????? | | ????????????#?# ???????????????????????????? | | ??????????????## a #???????????????????????????? | | ?????????????? ???????????????????????????? | | ?????????????## ???????????????????????????? | | ??????????????#?######???????????????????????????? | | ?????????????????????????????????????????????????? | | ?????????????????????????????????????????????????? | | ?????????????????????????????????????????????????? | | ?????????????????????????????????????????????????? | | | | | | | | | | | | | | | | | | | | | +----------------------------------------------------+ Best States ------------- Heat Dissipation 35 Energy Generation 10 Energy Capacity 250 Matter Stores 285 Matter Capacity 300 Sight Range 16 Terrain Scan Density 10 Evasion (%) 55 Item Schematics ----------------- None Robot Schematics ------------------ None Fabricated ------------ Nothing Repaired ---------- Nothing Studied --------- None Alien Tech Used ----------------- None Achievements -------------- None Challenges ------------ None Game ------ Seed MatterConstructNullifier Manual? 0 Play Time 00:09:44 Cumulative 29.9 hours Start 2026.07.12 @ 03:10:10 End 2026.07.12 @ 03:17:23 Sessions 1 Manual Loads 0 Difficulty Rogue Special Mode None Game No. 44 Rogue 44 Adventurer 0 Explorer 0 Win Type - Total 0 Types 0/0/0/0/0/0/0/0/0/0 Lore% 28 Gallery% 28 Achievement% 21 Wizard Run 0 Options --------- Layout 1 ASCII 0 Keyboard 0 Movement Mouse Keybinds 0 Fullscreen 1 Font 20/SmallcapsGlow Map View 50x35 Zoom Use 0% Tactical HUD 1 Map Filters NONE Filters NONE Steam 1 RUN: 0e155c55-75d0-411c-8d76-55fdbb483d4e